 Dungeon Crawl Stone Soup version 0.24-a0-580-g6a6c3f83c1 (webtiles) character file.

Game seed: 7396011590053393162

43883 Gynju the Carver (level 14, -18/116 HPs)
             Began as a Barachi Fighter on Aug 22, 2019.
             Was the Champion of Cheibriados.
             Demolished by a freezing wraith (21 damage)
             ... led by a death knight
             ... on level 13 of the Dungeon.
             The game lasted 00:50:04 (17406 turns).

Gynju the Carver (Barachi Fighter)                 Turns: 17406, Time: 00:50:05

Health: -18/116    AC: 26    Str: 45    XL:     14   Next: 26%
Magic:  16/20      EV: 20    Int: 25    God:    Cheibriados [******]
Gold:   1165       SH: 23    Dex: 30    Spells: 13/13 levels left

rFire    + . .     SeeInvis .   b - +10 hunting sling of Terror {velocity, rF+ Dex+4}
rCold    . . .     Gourm    .   L - +2 shield {AC+3}
rNeg     . . .     Faith    .   t - +4 chain mail {MR+}
rPois    +         Spirit   .   F - +2 hat
rElec    .         Reflect  +   q - +2 cloak of Action {rPois Regen+}
rCorr    .         Harm     .   m - +2 pair of gloves
MR       ++...                  (no boots)
Stlth    ..........             G - +4 amulet of reflection
HPRegen  0.69/turn              s - +5 ring of strength
MPRegen  0.17/turn              k - +3 ring of strength

@: very slow
A: +LOS, swims, slowness 1, strong legs 2
a: Hop, Bend Time, Temporal Distortion, Slouch, Step From Time, Renounce
Religion


You were on level 13 of the Dungeon.
You worshipped Cheibriados.
Cheibriados was exalted by your worship.
You were not hungry.

You visited 3 branches of the dungeon, and saw 19 of its levels.
You also visited: Ossuary.

You collected 1292 gold pieces.
You spent 127 gold pieces at shops.

Inventory:

Hand Weapons
 a - a +0 long sword of slicing
 b - the +10 hunting sling of Terror (weapon) {velocity, rF+ Dex+4}
   (You acquired it on level 1 of the Lair of Beasts)

   Any stone fired from it inflicts extra damage.
   It affects your dexterity (+4).
   It protects you from fire.
Missiles
 o - 492 stones (quivered)
 I - 61 sling bullets
Armour
 m - a +2 pair of gloves (worn)
 q - the +2 cloak of Action (worn) {rPois Regen+}
   (You found it on level 5 of the Dungeon)

   It protects you from poison.
   It increases your rate of regeneration.
 t - a +4 chain mail of magic resistance (worn)
 v - a +0 large shield of reflection
 F - a +2 hat (worn)
 L - a +2 shield of protection (worn)
Jewellery
 k - a +3 ring of strength (right hand)
 s - a +5 ring of strength (left hand)
 G - a +4 amulet of reflection (around neck)
 Q - an uncursed amulet of the acrobat
 X - an uncursed ring of positive energy
 Z - a cursed ring of fire {unknown}
Wands
 l - a wand of disintegration (21)
 r - a wand of clouds (2)
 J - a wand of digging (10)
 K - a wand of scattershot (10)
 M - a wand of polymorph (3)
 O - a wand of acid (7)
 P - a wand of flame (20)
 V - a wand of enslavement (13)
 Y - a wand of paralysis (13)
Scrolls
 d - 2 scrolls of silence
 g - 10 scrolls of remove curse
 i - 5 scrolls of magic mapping
 j - 4 scrolls of teleportation
 n - 2 scrolls of fog
 p - 2 scrolls of identify
 u - a scroll of fear {unknown}
 y - 3 scrolls of noise
 z - 3 scrolls of enchant armour
 B - 2 scrolls of blinking
 C - a scroll of immolation
 N - 3 scrolls of enchant weapon {unknown}
 S - a scroll of amnesia {unknown}
Potions
 c - a potion of haste
 e - 3 potions of cancellation
 h - 6 potions of curing
 w - 3 potions of berserk rage
 x - a potion of ambrosia {unknown}
 A - 2 potions of magic {unknown}
 D - 4 potions of brilliance
 E - 6 potions of flight
 H - a potion of lignification {unknown}
 T - a potion of mutation {unknown}
 U - a potion of degeneration {unknown}
Miscellaneous
 W - a lightning rod (4/4)
Comestibles
 f - 41 rations
 R - 13 chunks of flesh


   Skills:
 + Level 12.3 Fighting
 - Level 14.0 Long Blades
 + Level 6.9 Slings
 - Level 7.0 Armour
 + Level 10.8 Dodging
 + Level 11.3 Shields
 + Level 8.1 Invocations
 + Level 3.9 Evocations


You had 13 spell levels left.
You didn't know any spells.
Your spell library contained the following spells:

 Spells                   Type           Power        Failure   Level  Hunger
 Animate Skeleton         Necr           N/A          52%         1    ##.....
 Confusing Touch          Hex            #.....       52%         1    ##.....
 Corona                   Hex            #......      52%         1    ##.....
 Flame Tongue             Conj/Fire      #....        52%         1    ##.....
 Magic Dart               Conj           #...         52%         1    ##.....
 Pain                     Necr           #...         52%         1    ##.....
 Searing Ray              Conj           #.....       67%         2    ###....
 Slow                     Hex            #.......     67%         2    ###....
 Throw Flame              Conj/Fire      #.....       67%         2    ###....
 Confuse                  Hex            #.......     88%         3    ####...
 Conjure Flame            Conj/Fire      #.......     88%         3    ####...
 Dazzling Spray           Conj/Hex       #.....       88%         3    ####...
 Gell's Gravitas          Tloc           #.........   88%         3    ####...
 Inner Flame              Hex/Fire       #.......     88%         3    ####...
 Portal Projectile        Hex/Tloc       #.....       88%         3    ####...
 Regeneration             Chrm/Necr      #.........   88%         3    ####...
 Vampiric Draining        Necr           #.........   88%         3    ####...
 Animate Dead             Necr           N/A          99%         4    #####..
 Cause Fear               Hex            #.........   99%         4    #####..
 Force Lance              Conj/Tloc      #.......     99%         4    #####..
 Fulminant Prism          Conj/Hex       #.........   99%         4    #####..
 Iskenderun's Mystic Bla  Conj           #.......     99%         4    #####..
 Leda's Liquefaction      Hex/Erth       #.........   99%         4    #####..
 Petrify                  Tmut/Erth      #.......     99%         4    #####..
 Sticky Flame             Conj/Fire      #.......     99%         4    #####..
 Fireball                 Conj/Fire      #.........   100%        5    ######.
 Metabolic Englaciation   Hex/Ice        #.........   100%        5    ######.
 Silence                  Hex/Air        #.........   100%        5    ######.
 Yara's Violent Unravell  Hex/Tmut       #.........   100%        5    ######.
 Deflect Missiles         Chrm/Air       #.........   100%        6    #######
 Discord                  Hex            #.........   100%        8    #######


Dungeon Overview and Level Annotations

Branches:
Dungeon (13/15)            Temple (1/1) D:7            Lair (5/6) D:10
  Swamp (0/4) Lair:2       Spider (0/4) Lair:3          Orc (0/2) D:11
Ossuary (visited)
  Slime: Lair:5-6    Vaults: D:13-14

Altars:
Ashenzari
Cheibriados
Dithmenos
Elyvilon
Fedhas
Gozag
Hepliaklqana
Kikubaaqudgha
Makhleb
Nemelex Xobeh
Okawaru
Qazlal
Ru
Sif Muna
Trog
Uskayaw
Vehumet
Wu Jian
Xom
Yredelemnul
Zin
Jiyva

Shops:
D:6 =   D:7 (   D:9 (   D:10 !*(

Annotations:
D:2 1 runed translucent door, exclusion: oklob plant, Crazy Yiuf
Lair:2 1 runed translucent door, exclusion: door
Lair:3 3 runed translucent doors, exclusion: 3 doors, Akkey's ghost, journeyman HuAr


Innate Abilities, Weirdness & Mutations

Shadows flee at your approach. (+LOS)
You can swim through water.
You cover ground slowly.
You can hop long distances.


Message History

You are too injured to fight recklessly!
You can feel time thicken for a moment.
You kill the death knight!
Cheibriados thoroughly appreciates the change of pace.
You feel somewhat more hungry.
Your damage is reflected back at you!
* * * LOW HITPOINT WARNING * * *
You hear the faint crackling of a very distant melting archway.
You block the freezing wraith's attack. x2
The freezing wraith hits you but does no damage.
The freezing wraith hits you.
* * * LOW HITPOINT WARNING * * *
The freezing wraith closely misses you. You block the freezing wraith's attack.
The freezing wraith hits you.
* * * LOW HITPOINT WARNING * * *
The freezing wraith freezes you!!
* * * LOW HITPOINT WARNING * * *
You block the freezing wraith's attack. The freezing wraith hits you!
* * * LOW HITPOINT WARNING * * *
The freezing wraith freezes you!!
You die...

####+####
#.......#
#.......####
#......('..#####
#..)..(.##.@WYY#
#....(..######Y#
#.).)...#
#().......
#..<)...#
###Y......
###+#####
##.#### #


You could see a freezing wraith and 3 yaks.

Vanquished Creatures
  Gastronok (Lair:2)
  An orc warlord (D:9)
  Josephine (Lair:5)
  Harold (D:9)
  An ice dragon (D:12)
  A hydra (Lair:2)
  2 centaur warriors
  A death knight (D:13)
  3 two-headed ogres
  A deep elf knight (D:12)
  A fire crab (Lair:5)
  A skeletal warrior (D:12)
  A wizard (D:12)
  Pikel (D:6)
  A deep elf mage (D:12)
  An ugly thing (D:12)
  A cyclops (D:11)
  6 elephants (Lair:5)
  A black mamba (Lair:2)
  6 spiny frogs
  3 freezing wraiths
  3 komodo dragons
  3 polar bears
  6 trolls
  A hornet (D:12)
  5 blink frogs
  11 hippogriffs
  A vampire (D:11)
  29 yaks
  A spriggan (D:7)
  4 wyverns
  3 wraiths (Lair:5)
  A hungry ghost (D:11)
  A basilisk (D:10)
  Grum (D:9)
  2 steam dragons
  5 vampire mosquitoes (D:12)
  A soldier ant (D:12)
  14 wargs (D:9)
  An acid dragon (D:12)
  8 water moccasins
  Duvessa (D:5)
  10 orc warriors
  7 porcupines
  A black bear (D:9)
  2 sky beasts
  10 ogres
  10 wolves
  9 centaurs
  7 crocodiles
  A phantom (D:7)
  A big kobold (D:12)
  Blork the orc (D:5)
  3 elf zombies (Ossuary)
  8 bullfrogs
  Dowan (D:5)
  4 scorpions
  10 killer bees (D:12)
  2 spriggan skeletons (D:11)
  3 wights (D:11)
  A howler monkey (D:12)
  9 crimson imps
  5 centaur zombies
  6 centaur skeletons
  6 human zombies (Ossuary)
  6 orc priests
  2 hounds
  Ijyb (D:3)
  Terence (D:3)
  3 iguanas
  5 orc wizards
  8 worker ants
  3 hell rats (D:7)
  A killer bee zombie (D:9)
  3 mummies (Ossuary)
  4 gnolls (D:7)
  9 adders
  5 river rats (D:7)
  3 shadow imps
  2 oozes
  2 adder skeletons
  5 worms
  2 dart slugs
  4 leopard geckos
  78 orcs
  7 giant cockroaches
  20 goblins
  6 hobgoblins
  24 jackals
  12 quokkas
  2 ball pythons
  5 bats
  4 frilled lizards
  11 kobolds
  A leopard gecko zombie (D:7)
  20 rats
  A fungus (Lair:5)
515 creatures vanquished.

Vanquished Creatures (others)
  A centaur warrior (D:12)
  A vampire (D:12)
  A sky beast (D:5)
  3 centaurs
  A worker ant (D:6)
  2 fungi (Lair:5)
  2 plants
  19 toadstools
30 creatures vanquished.

Grand Total: 545 creatures vanquished

Notes
Turn   | Place    | Note
-------+----------+-------------------------------------------
     0 | D:1      | Gynju the Barachi Fighter began the quest for the Orb.
     0 | D:1      | Reached XP level 1. HP: 18/18 MP: 1/1
   238 | D:1      | Reached XP level 2. HP: 25/25 MP: 2/2
   413 | D:1      | Found a shattered altar of Ashenzari.
   463 | D:1      | Reached skill level 3 in Long Blades
   764 | D:2      | Reached XP level 3. HP: 12/30 MP: 3/3
   944 | D:1      | Reached skill level 1 in Dodging
  1150 | D:2      | Found a burning altar of Makhleb.
  1175 | D:2      | Reached XP level 4. HP: 24/37 MP: 4/4
  1328 | D:2      | Found a shattered altar of Ashenzari.
  1430 | D:2      | Found a blossoming altar of Fedhas.
  1607 | D:2      | Found a runed translucent door.
  1608 | D:2      | Noticed Crazy Yiuf
  1697 | D:2      | Noticed an oklob plant
  2060 | D:3      | Noticed Terence
  2090 | D:3      | Killed Terence
  2090 | D:3      | Reached skill level 4 in Long Blades
  2090 | D:3      | Reached XP level 5. HP: 6/42 MP: 5/5
  2669 | D:3      | Found a basalt altar of Yredelemnul.
  2707 | D:3      | Noticed a +0 dagger
  2708 | D:3      | Noticed a +0 dagger
  2711 | D:3      | Found a hide-covered altar of Uskayaw.
  2922 | D:4      | Noticed Ijyb
  2960 | D:3      | Killed Ijyb
  3138 | D:3      | Reached XP level 6. HP: 38/49 MP: 6/6
  3287 | D:4      | Found a sand-covered staircase.
  3356 | Ossuary  | Entered an ossuary
  3378 | Ossuary  | Reached skill level 5 in Long Blades
  3413 | Ossuary  | Reached skill level 5 in Fighting
  3413 | Ossuary  | Reached XP level 7. HP: 29/56 MP: 7/7
  3588 | Ossuary  | Reached skill level 5 in Armour
  3796 | Ossuary  | Reached skill level 6 in Long Blades
  3863 | Ossuary  | Reached skill level 5 in Shields
  4084 | D:4      | Reached skill level 7 in Long Blades
  4084 | D:4      | Reached XP level 8. HP: 61/63 MP: 8/8
  4456 | D:3      | Reached skill level 8 in Long Blades
  4648 | D:5      | Entered Level 5 of the Dungeon
  4656 | D:5      | Found a sacrificial altar of Ru.
  4764 | D:5      | Reached skill level 9 in Long Blades
  4854 | D:5      | Found an ornate altar of the Wu Jian Council.
  5031 | D:5      | Got a bloodstained cloak
  5037 | D:5      | Identified the +2 cloak of Action {rPois Regen+} (You found
                  | it on level 5 of the Dungeon)
  5132 | D:5      | Found a radiant altar of Vehumet.
  5529 | D:6      | Noticed Duvessa
  5529 | D:6      | Noticed Dowan
  5557 | D:5      | Killed Duvessa
  5557 | D:5      | Reached skill level 10 in Long Blades
  5562 | D:5      | Killed Dowan
  5685 | D:6      | Reached XP level 9. HP: 68/68 MP: 9/9
  5727 | D:5      | Reached skill level 11 in Long Blades
  5957 | D:6      | Found Nehes's Jewellery Boutique.
  5995 | D:6      | Noticed Blork the orc
  6007 | D:5      | Killed Blork the orc
  6085 | D:6      | Noticed Pikel
  6101 | D:6      | Killed Pikel
  6101 | D:6      | Reached skill level 12 in Long Blades
  6127 | D:6      | Found a sparkling altar of Nemelex Xobeh.
  6813 | D:7      | Found a hazy altar of Hepliaklqana.
  6837 | D:7      | Found Itedeema's Antique Weapon Shoppe.
  6876 | D:7      | Reached skill level 13 in Long Blades
  7021 | D:7      | Found a sparkling altar of Nemelex Xobeh.
  7568 | D:7      | Found an ancient bone altar of Kikubaaqudgha.
  7753 | D:7      | Reached XP level 10. HP: 74/74 MP: 10/10
  7775 | D:7      | Reached skill level 14 in Long Blades
  8097 | D:7      | Found a staircase to the Ecumenical Temple.
  8153 | Temple   | Entered the Ecumenical Temple
  9017 | D:9      | Noticed Harold
  9052 | D:9      | Killed Harold
  9197 | D:9      | Found a snail-covered altar of Cheibriados.
  9213 | D:9      | Became a worshipper of Cheibriados the Contemplative
  9220 | D:9      | Found Suiceh's Weapon Shoppe.
  9305 | D:9      | Reached skill level 5 in Dodging
  9352 | D:9      | Reached skill level 1 in Invocations
  9423 | D:9      | Reached * piety under Cheibriados
  9595 | D:9      | Noticed an orc warlord
  9627 | D:9      | HP: 1/79 [orc warlord/+0 dire flail (23)]
  9637 | D:9      | Killed an orc warlord
  9637 | D:9      | Reached XP level 11. HP: 37/86 MP: 11/13
  9818 | D:9      | Noticed Grum
  9852 | D:9      | Reached ** piety under Cheibriados
  9866 | D:9      | Killed Grum
 10591 | D:10     | Entered Level 10 of the Dungeon
 10705 | D:10     | Found Vuryew's Distillery.
 10727 | D:10     | Reached *** piety under Cheibriados
 10800 | D:10     | Found Lahaekh's General Store.
 10803 | D:10     | Bought a +0 large shield of reflection for 127 gold pieces
 10826 | D:10     | Found a stormy altar of Qazlal.
 10982 | D:10     | Found Edeuhyw's Weapon Shoppe.
 11100 | D:10     | Found a staircase to the Lair.
 11354 | D:11     | Noticed a two-headed ogre
 11408 | Lair:1   | Entered Level 1 of the Lair of Beasts
 11568 | Lair:1   | Reached **** piety under Cheibriados
 11739 | Lair:1   | Identified a scroll of acquirement
 11740 | Lair:1   | Got a crude hunting sling
 11742 | Lair:1   | Identified the +10 hunting sling of Terror {velocity, rF+
                  | Dex+4} (You acquired it on level 1 of the Lair of Beasts)
 11835 | Lair:1   | Reached XP level 12. HP: 96/96 MP: 15/15
 11869 | Lair:1   | Reached skill level 5 in Invocations
 11896 | Lair:1   | Reached skill level 1 in Slings
 12416 | Lair:2   | Found a staircase to the Swamp.
 12506 | Lair:2   | Noticed Gastronok
 12561 | Lair:2   | Killed Gastronok
 12561 | Lair:2   | Reached skill level 10 in Fighting
 12772 | Lair:2   | Noticed a seven-headed hydra
 12780 | Lair:2   | Killed a seven-headed hydra
 12806 | Lair:2   | Noticed a dire elephant
 12828 | Lair:2   | Found a runed translucent door.
 12932 | Lair:2   | Reached ***** piety under Cheibriados
 13040 | Lair:2   | You fall into a shaft and drop 1 floor!
 13593 | Lair:3   | Found a hole to the Spider Nest.
 13773 | Lair:3   | Found a runed translucent gate.
 13776 | Lair:3   | Found a runed translucent gate.
 13777 | Lair:3   | Found a runed translucent gate.
 13777 | Lair:3   | Noticed a death ooze
 13778 | Lair:3   | Noticed Akkey's ghost (journeyman HuAr)
 14086 | Lair:3   | Found a viscous altar of Jiyva.
 14211 | Lair:3   | Gained mutation: You can hop long distances. [Barachi
                  | growth]
 14211 | Lair:3   | Reached XP level 13. HP: 103/105 MP: 17/17
 14243 | Lair:4   | Reached skill level 10 in Shields
 14965 | Lair:5   | Reached skill level 5 in Slings
 14998 | Lair:5   | Found a gate leading to a gauntlet.
 15151 | Lair:5   | Noticed Josephine
 15156 | Lair:5   | Killed Josephine
 15288 | Lair:5   | Reached skill level 10 in Dodging
 15844 | D:11     | Reached ****** piety under Cheibriados
 15960 | D:11     | Found a staircase to the Orcish Mines.
 16269 | D:12     | Reached skill level 1 in Evocations
 16581 | D:12     | Reached XP level 14. HP: 115/115 MP: 19/19
 17406 | D:13     | HP: 3/116 [freezing wraith[a death knight] (7)]
 17406 | D:13     | Demolished by a freezing wraith

Levels and vault maps discovered:
D:1:      kennysheep_arrival_forest, layout_loops_ring, ashenzari_altar_1
D:2:      layout_rooms, lemuel_crystal_altar, lemuel_crystal_altar, tgw_fedhas,
          uniq_crazy_yiuf_cottage
D:3:      layout_basic, old_standard_altar, dancing_weapons_uskayaw,
          first_ration, uniq_terence
D:4:      layout_cave_pools, nicolae_ossuary_entry_monument,
          minmay_ogre_servants, uniq_ijyb
D:5:      layout_loops_ring, old_standard_altar, lemuel_doored_altar,
          hangedman_ru_absence
D:6:      layout_loops_ring, nemelex_xobeh_ov_fountains_minmay, serial_shops,
          kennysheep_little_box, uniq_pikel, uniq_blork_the_orc, uniq_duvessa
D:7:      lemuel_ratsnest, layout_gridville, nicolae_overflow_hidden_temple,
          minmay_temple_entry_fiery, serial_shops, nicolae_shop_trees,
          the_bakery, nemelex_lonely_heart_becter
D:8:      layout_basic
D:9:      lemuel_castle_with_subvaults [lemuel_castle_interior_original],
          layout_irregular_city, cheibriados_altar_1, serial_shops, shop_statue,
          uniq_grum, uniq_harold
D:10:     layout_loops_ring, david_lair_generic, serial_shops, shop_statue,
          shop, shop, nicolae_qazlal_general_emergency
D:11:     layout_rooms, orc_0_dummy, hangedman_tell_no_tales
D:12:     minmay_the_grid_net [minmay_the_grid_dragon_b,
          minmay_the_grid_square_x, minmay_the_grid_outer_diamond,
          minmay_the_grid_spikes, minmay_the_grid_slots,
          minmay_the_grid_prize_shrinking_boxes], layout_loops_cross,
          serial_glass, glass_columns_a, glass_columns_a, nooodl_food_tri
D:13:     layout_roguey, basic_altar, portal_ice_cave_rime,
          chequers_mini_garden, drop_trap
Temple:   pf_slime_end_temple
Lair:1:   layout_long_grid, grunt_megastairs_5, infiniplex_staircase_pool_2
Lair:2:   gammafunk_lair_enchanted_lake, layout_cave_pods, swamp_mist,
          lemuel_fruit_tree, uniq_gastronok
Lair:3:   layout_regular_city, nicolae_spider_entry_non_spiders,
          gammafunk_ghost_ooze
Lair:4:   layout_hall_layers
Lair:5:   layout_regular_city, gauntlet_entry_generic, uniq_josephine

Skill      XL: |  1  2  3  4  5  6  7  8  9 10 11 12 13 14 |
---------------+-------------------------------------------+-----
Long Blades    | 3 4 5 7 10 13 14 | 14.0
Dodging        | 1 2 3 6 7 9 10 | 10.8
Fighting       | 4 5 7 9 10 12 | 12.3
Armour         | 4 5 7 |  7.0
Shields        | 4 5 7 8 9 11 | 11.3
Invocations    | 2 4 6 7 8 |  8.1
Slings         | 4 6 |  6.9
Evocations     | 2 3 |  3.9

Action                   |  1- 3 |  4- 6 |  7- 9 | 10-12 | 13-15 || total
-------------------------+-------+-------+-------+-------+-------++-------
Melee: Long sword        |    91 |   143 |   483 |   939 |       ||  1656
       Short sword       |       |   108 |       |       |       ||   108
 Fire: Hunting sling     |       |       |       |   172 |   556 ||   728
Throw: Stone             |       |     1 |       |       |       ||     1
Invok: Slouch            |       |       |       |       |     1 ||     1
 Abil: Hop               |       |       |       |     1 |       ||     1
Evoke: Wand              |       |     1 |       |     4 |       ||     5
  Use: Potion            |       |     2 |     1 |     3 |       ||     6
       Scroll            |       |       |    15 |     6 |     3 ||    24
  Eat: Chunk             |     1 |     8 |    14 |    13 |     7 ||    43
       Ration            |       |       |     1 |     1 |       ||     2
Armor: Scale mail        |    76 |    45 |       |       |       ||   121
       Chain mail        |       |   170 |   175 |   216 |    55 ||   616
Dodge: Dodged            |    45 |    80 |   110 |   234 |   104 ||   573
Block: Shield            |    61 |   166 |   253 |   666 |   276 ||  1422
       Reflection        |       |       |     9 |    21 |    16 ||    46
       Large shield      |       |       |       |   140 |       ||   140
       Rpst.: Long sword |    22 |     9 |    23 |    49 |       ||   103

Table legend:
 A = Non-vault XP
 B = Vault XP
 C = Vault XP percentage of total XP
 D = Non-vault monster count
 E = Vault monster count
 F = Vault count percentage of total count
                 A         B        C        D         E       F
            +---------+---------+-------+---------+---------+-------
      Total |   36827 |   25864 |  41.3 |     337 |     182 |  35.1
            +---------+---------+-------+---------+---------+-------
        D:1 |      42 |       0 |   0.0 |      17 |       0 |   0.0
        D:2 |      73 |       0 |   0.0 |      27 |       0 |   0.0
        D:3 |     149 |     183 |  55.1 |      29 |       4 |  12.1
        D:4 |     343 |      13 |   3.7 |      11 |       7 |  38.9
        D:5 |     717 |     323 |  31.1 |      24 |       3 |  11.1
        D:6 |     328 |     663 |  66.9 |      11 |       1 |   8.3
        D:7 |    1065 |     410 |  27.8 |      23 |      32 |  58.2
        D:8 |     420 |       0 |   0.0 |      11 |       0 |   0.0
        D:9 |     875 |    6743 |  88.5 |      14 |      69 |  83.1
       D:10 |    4019 |     760 |  15.9 |      23 |       4 |  14.8
       D:11 |    3882 |     443 |  10.2 |      20 |       6 |  23.1
       D:12 |    4715 |    9705 |  67.3 |      45 |      23 |  33.8
       D:13 |    2909 |       0 |   0.0 |       8 |       0 |   0.0
     Lair:1 |    2738 |     481 |  14.9 |      11 |       2 |  15.4
     Lair:2 |    3244 |    3636 |  52.8 |      19 |       4 |  17.4
     Lair:3 |    3948 |     125 |   3.1 |      20 |       8 |  28.6
     Lair:4 |    1112 |       0 |   0.0 |       6 |       0 |   0.0
     Lair:5 |    6248 |    1639 |  20.8 |      18 |       4 |  18.2
    Ossuary |       0 |     740 | 100.0 |       0 |      15 | 100.0
            +---------+---------+-------+---------+---------+-------
